woodfighter, chaotic female orcish Cavewoman ------ ------ |....-########### |....| ------------ |....| # |.<...# |..........-############|.....#############|....|# |..........| #---|-- #+....|# |..........+# ####################|....|# |..........|# ### #------# ----.-------# # ######### ## ### ### # ## # # # I@###### ### ### # #------ # # # # #-....--# ### ### # ###|.....|# --.--- # --.------------- # #|.....|# |....| ###|...............########## |>...||# |.....##################...............| # .......# |....| |..............|######## ------- |....| +..............| ------ ---------------- woodfighter the Cave Teen Experience level: 4 Strength: 18/03 Dexterity: 14 Constitution: 15 Intelligence: 9 Wisdom: 9 Charisma: 8 Health: 0(31) Energy: 10(10) Def: 3 Gold: 396 Moves: 1587 Dungeon seed: S8-2eebANpazmyvu Game ID: woodfighter_1477179088 Your Inventory: Coins $ - 396 gold pieces Amulets o - a cursed amulet of change Weapons a - a +1 club (weapon in hand) b - a +2 sling (alternate weapon; not wielded) Armor n - an uncursed +0 oilskin cloak (being worn) q - a blessed +0 leather armor (being worn) r - an uncursed +0 cloak of invisibility Comestibles d - 3 uncursed food rations f - 2 uncursed lichen corpses Scrolls j - an uncursed scroll of scare monster Spellbooks g - an uncursed spellbook of cure sickness Potions k - a cursed potion of fruit juice Gems e - 19 uncursed flints (in quiver) Spells and supernatural/magical abilities: Name Level Category Fail Memory W - pray for help -- divine ? -- Your skills at the end: Miscellaneous Skills bare handed combat [Basic] Weapon Skills scimitar [Basic] club [Basic] sling [Basic] Spellcasting Skills Final Attributes: You were piously aligned. You were poison resistant. You had infravision. You were very stealthy. You are dead. Vanquished creatures: a small mimic a dog a fog cloud a giant ant a jitterbug a hobbit an acid blob a gecko 5 jackals 3 newts 2 sewer rats a grid bug 5 lichens 2 kobold zombies 26 creatures vanquished. Voluntary challenges: You did not adorn yourself with jewelry or accessories. You did not cause conflict. You did not have reflection. You were not displaced. You used a wielded weapon 41 times, starting on turn 3. You did not use containers. You did not apply a unicorn horn. You did not use sinks. You were illiterate. You never genocided any monsters. You never polymorphed an object. You never changed form. You used no wishes. You never split a pudding. You never wrote Elbereth's name. You never violated your personal moral code. Dungeon overview: The Dungeons of Doom: levels 1 to 4 Level 1 a long staircase Level 2 an altar to Anshar Level 3 a general store Level 4 <- You were here stairs to The Gnomish Mines The Gnomish Mines: Level 5 stairs to The Dungeons of Doom History has recorded: On T:1 you entered the Dungeons of Doom to retrieve the Amulet of Yendor! On T:106 you reached level 2 of The Dungeons of Doom. On T:559 you advanced to experience level 2. On T:616 you reached level 3 of The Dungeons of Doom. On T:703 you advanced to experience level 3. On T:951 you advanced to experience level 4. On T:1057 you reached level 4 of The Dungeons of Doom. On T:1563 you reached level 1 of The Gnomish Mines. Score breakdown: Gold: 396 ( 39 points) Experience: 4 levels ( 300 points) Exploration: 5 levels ( 120 points) Discoveries: 8 items ( 400 points) Variety of kills: 14 monsters ( 700 points) Major goal: (nothing yet) ( 0 points) Survival: died (score multiplied by 3) Total score: 4677 Latest messages: Something claws you! (2x) Something bites! You hit something. Something claws you! (2x) Something bites! You hit something. You attack thin air. $ - 91 gold pieces. You see here a convex amulet. o - a convex amulet. Something is engraved here on the headstone. You read: "Beetlejuice Beetlejuice Beetlejuice". You stop exploring. Wait! There's something there you can't see! You stop exploring. Something claws you! (2x) Something bites! You hit something. Something claws you! (2x) Something bites! You miss it. Something claws you! (2x) Something bites! You hit something. Something claws you! (2x) Something bites! You die... Final status: Goodbye woodfighter the Cavewoman, killed by an invisible water demon... You died in The Dungeons of Doom on dungeon level 4 with 4677 points, and 396 pieces of gold, after 1587 moves. You were level 4 with a maximum of 31 hit points when you died.